 Dungeon Crawl Stone Soup version 0.27-a0-1501-g9d6fb14e67 (webtiles) character file.

Game seed: 15661291471386774037

188 Kinoniko the Ruffian (level 5, 2/47 HPs)
             Began as a Ghoul Monk on July 8, 2021.
             Quit the game on level 4 of the Dungeon.
             The game lasted 00:03:23 (2913 turns).

Kinoniko the Ruffian (Ghoul Monk)                   Turns: 2913, Time: 00:03:24

Health: 2/47       AC:  5    Str: 16    XL:     5   Next: 67%
Magic:  4/4        EV: 11    Int:  5    God:
Gold:   133        SH:  0    Dex: 11    Spells: 4/4 levels left

rFire    . . .     SeeInvis .     - Unarmed
rCold    + . .     Faith    .   (no shield)
rNeg     + + +     Spirit   .   i - +0 ring mail
rPois    ∞         Reflect  .   (no helmet)
rElec    .         Harm     .   (no cloak)
rCorr    .         Rampage  .   (no gloves)
Will     .....                  (no boots)
Stlth    +.........             k - amulet of regeneration
HPRegen  0.00/turn              (no ring)
MPRegen  0.09/turn              (no ring)

@: hasted, very quick
A: claws 1, cold resistance 1, negative energy resistance 3, inhibited
regeneration, torment resistance 2
a: no special abilities


You were on level 4 of the Dungeon.
You visited 1 branch of the dungeon, and saw 4 of its levels.

You collected 133 gold pieces.

Inventory:

Missiles
 m - 4 atropa-tipped darts (quivered)
Armour
 i - a +0 ring mail (worn)
 l - a +0 scale mail
 n - a +0 pair of gloves
Jewellery
 k - an amulet of regeneration (around neck)
Wands
 a - a wand of iceblast (13)
Scrolls
 c - 2 scrolls of enchant armour {unknown}
 d - a scroll of identify {unknown}
 f - a scroll of holy word {unknown}
 j - 3 scrolls of teleportation {unknown}
Potions
 e - a potion of attraction
 g - a potion of magic {unknown}
 h - a potion of brilliance {unknown}
 p - a potion of resistance {unknown}


   Skills:
 + Level 4.6 Fighting
 - Level 2.6 Dodging
 - Level 2.1 Stealth
 * Level 5.9 Unarmed Combat


You had 4 spell levels left.
You didn't know any spells.
Your spell library contained the following spells:

 Spells                   Type           Power      Damage    Failure   Level
 Foxfire                  Conj/Fire      0%         2x1d4     71%         1
 Conjure Flame            Conj/Fire      0%         6-21      97%         3
 Inner Flame              Hex/Fire       0%         N/A       97%         3


Dungeon Overview and Level Annotations

Branches:
Dungeon (4/15)             Temple (0/1) D:4

Altars:

Shops:
D:1 ?:*

Annotations:
D:2 1 runed translucent door, Crazy Yiuf


Innate Abilities, Weirdness & Mutations

You thrive by killing the living.
You are immune to poison.
You have sharp fingernails.
Your flesh is cold resistant. (rC+)
You are immune to negative energy. (rN+++)
You do not regenerate when monsters are visible.
You are immune to unholy pain and torment.


Message History

The necrophage is lightly damaged.
You scratch the necrophage.
The necrophage is moderately damaged.
The necrophage closely misses you.
A wight comes into view. It is wielding a +5 scimitar.
You barely miss the necrophage.
The necrophage is moderately damaged.
The necrophage closely misses you.
You scratch the necrophage.
The necrophage is moderately damaged.
The wight hits you but does no damage.
You closely miss the necrophage.
The necrophage is moderately damaged.
The necrophage hits you.
You barely miss the necrophage.
The necrophage is moderately damaged.
The wight hits you from afar with a +4 trident.
You completely miss the necrophage.
The necrophage is moderately damaged.
The necrophage hits you.
The wight hits you from afar with a +4 trident!
The wight barely misses you.
You scratch the necrophage.
The necrophage is heavily damaged.
An orc wizard comes into view. It is wielding a +0 dagger.
You barely miss the necrophage.
The orc wizard shouts!
You claw the necrophage!
The necrophage is severely damaged.
You hear a shout! x2
The necrophage hits you!
The wight hits you from afar with a +4 trident.
The wight hits you with a +4 great sword of freezing!
* * * LOW HITPOINT WARNING * * *
The wight freezes you.
* * * LOW HITPOINT WARNING * * *
Unknown command.
Unknown command.
Unknown command.
Are you sure you want to abandon this character and quit the game? (Confirm with "yes".)

..#.......#
..$......#
........###
.........#
#.#.#.#..##
#.#........
#......##
#...@nz.#
#....z.z# ##
##.........o. ..
#..........#.
#.#.##.......##.#
####
#............# #
....
#...##.#.....#
.### #.#
#.#.....# .# .
#.#.....#


You could see a necrophage, 3 wights and an orc wizard.

Vanquished Creatures
  A bullfrog zombie (D:3)
  Terence (D:2)
  An orc wizard (D:3)
  3 gnolls (D:4)
  4 dart slugs
  A worm (D:2)
  6 orcs (D:3)
  An endoplasm (D:3)
  3 giant cockroaches
  6 goblins
  2 hobgoblins
  2 jackals (D:3)
  2 quokkas
  5 ball pythons
  6 bats
  8 frilled lizards
  5 kobolds
  5 rats
62 creatures vanquished.

Notes
Turn   | Place    | Note
-------+----------+-------------------------------------------
     0 | D:1      | Kinoniko the Ghoul Monk began the quest for the Orb.
     0 | D:1      | Reached XP level 1. HP: 19/19 MP: 0/0
    74 | D:1      | Reached XP level 2. HP: 26/26 MP: 1/1
   255 | D:1      | Found Nouchog's Assorted Antiques.
   273 | D:1      | Found Gucoot's Book Shoppe.
   335 | D:1      | Found Karaiwko's Magic Scroll Shoppe.
   540 | D:1      | Reached skill level 4 in Unarmed Combat
  1012 | D:2      | Reached XP level 3. HP: 33/33 MP: 2/2
  1099 | D:2      | Noticed Terence
  1111 | D:2      | Killed Terence
  1112 | D:2      | Reached XP level 4. HP: 23/40 MP: 3/3
  1336 | D:2      | Found a runed translucent door.
  1337 | D:2      | Noticed Crazy Yiuf
  1361 | D:2      | Found a faded altar of an unknown god.
  2115 | D:3      | Reached skill level 5 in Unarmed Combat
  2189 | D:3      | Reached XP level 5. HP: 46/47 MP: 4/4
  2753 | D:4      | Found a staircase to the Ecumenical Temple.
  2896 | D:4      | Noticed a necrophage
  2912 | D:4      | HP: 2/47 [wight (2)]
  2913 | D:4      | Quit the game

Illustrated notes

Levels and vault maps discovered:
D:1:      dpeg_arrival_shelter, layout_loops_ring, serial_shops,
          nicolae_shop_overgrown_old_shop, shop, nicolae_shop_behind_doors
D:2:      layout_basic, basic_ecumenical_altar, minmay_distorted, uniq_terence,
          uniq_crazy_yiuf_cottage
D:3:      layout_basic
D:4:      layout_basic, temple_statues, uniq_pikel

Skill      XL: |  1  2  3  4 |
---------------+-------------+-----
Unarmed Combat | 4 5 |  5.9
Fighting       | 4 |  4.6
Dodging        | |  2.6
Stealth        | |  2.1

Action                   |  1- 3 |  4- 6 || total
-------------------------+-------+-------++-------
Melee: Unarmed           |    60 |   102 ||   162
       Punch             |     1 |     3 ||     4
  Use: Potion            |       |     5 ||     5
 Stab: Sleeping          |     8 |     1 ||     9
Armor: Robe              |     6 |       ||     6
       Ring mail         |       |    23 ||    23
Dodge: Dodged            |    20 |    36 ||    56

Table legend: (Time is in decaauts)
 A = Elapsed time spent in this place.
 B = Non-inter-level travel time spent in this place.
 C = Inter-level travel time spent in this place.
 D = Time resting spent in this place.
 E = Time spent auto-exploring this place.
 F = Levels seen in this place.
 G = Mean time per level.
                   A        B        C        D        E       F      G
               +--------+--------+--------+--------+--------+-----+--------+
         Total |   2873 |   2715 |    158 |    139 |   2193 |   4 |  718.2 |
       Dungeon |   2873 |   2715 |    158 |    139 |   2193 |   4 |  718.2 |
               +--------+--------+--------+--------+--------+-----+--------+

Top non-repeatable levels by time:
     D:2: 950 daAuts
     D:1: 904 daAuts
     D:3: 833 daAuts
     D:4: 185 daAuts
